 Dungeon Crawl Stone Soup version 0.32-a0-913-g739538afd8 (webtiles) character file.

Game seed: 6183751342739803049

6482 Cancer the Geomancer (level 11, -11/54 HPs)
             Began as a Gargoyle Earth Elementalist on Apr 7, 2024.
             Was a Believer of Vehumet.
             Mangled by a boulder beetle (17 damage)
             ... on level 8 of the Dungeon.
             The game lasted 00:23:25 (8931 turns).

Cancer the Geomancer (Gargoyle Earth Elementalist)  Turns: 8931, Time: 00:23:26

Health: -11/54     AC: 13    Str: 10    XL:     11   Next: 0%
Magic:  3/24       EV: 11    Int: 25    God:    Vehumet [**....]
Gold:   420        SH:  0    Dex: 10    Spells: 17/28 levels left

rFire   + . .        w - +3 hand axe
rCold   x . .        (no shield)
rNeg    + + .        x - +0 steam dragon scales
rPois   ∞            (no helmet)
rElec   +            (no cloak)
rCorr   .            (no gloves)
SInv    .            (no boots)
Will    .....        (no amulet)
Stlth   ++           u - ring of Mocses {Fire rN+ Str-2 Int+5}
HPRegen 0.29/turn    (no ring)
MPRegen 0.19/turn

%: no passive effects
@: no status effects
A: sickness immunity, AC +8, negative energy resistance 1, electricity
resistance, torment resistance 1, petrification resistance
a: Renounce Religion


You were on level 8 of the Dungeon.
You worshipped Vehumet.
Vehumet was pleased with you.
You visited 2 branches of the dungeon, and saw 9 of its levels.
You also visited: Ossuary.

You collected 420 gold pieces.

Inventory:

Hand Weapons
 g - the +5 hand axe "Gerghaca" {antimagic, Will+}
   (You found it on level 2 of the Dungeon)

   Will+:     It increases your willpower.
 i - a +2 dagger of flaming
 w - a +3 hand axe (weapon)
Missiles
 H - a throwing net
Armour
 h - a +1 robe of willpower
 v - a +0 buckler
 x - +0 steam dragon scales (worn)
 D - a +4 ring mail
 F - the +2 ring mail "Gisuq" {rPois Str-2 Dex+6}
   (You found it on level 7 of the Dungeon)

   Str-2:     It affects your strength (-2).
   Dex+6:     It affects your dexterity (+6).
   rPois:     It protects you from poison.
 I - the +3 scale mail of the Eleven Knives {Stlth+}
   (You took it off an orc on level 8 of the Dungeon)

   Stlth+:    It makes you more stealthy.
 J - a +0 pair of boots
Jewellery
 u - the ring of Mocses (left hand) {Fire rN+ Str-2 Int+5}
   (You found it on level 5 of the Dungeon)

   [ring of fire]

   Fire:      It enhances your fire magic.
   Str-2:     It affects your strength (-2).
   Int+5:     It affects your intelligence (+5).
   rF+:       It protects you from fire.
   rC-:       It makes you vulnerable to cold.
   rN+:       It protects you from negative energy.
 C - an amulet of guardian spirit
Wands
 y - a wand of flame (17)
 A - a wand of quicksilver (17)
 B - a wand of paralysis (3)
 G - a wand of iceblast (3)
Scrolls
 a - a scroll of enchant weapon {unknown}
 c - a scroll of blinking {unknown}
 d - 10 scrolls of identify {unknown}
 f - 3 scrolls of enchant armour {unknown}
 l - a scroll of immolation {unknown}
 o - a scroll of fear {unknown}
 p - 2 scrolls of teleportation {unknown}
 s - 3 scrolls of fog {unknown}
 E - a scroll of amnesia {unknown}
Potions
 b - 3 potions of magic
 e - 2 potions of heal wounds {unknown}
 j - 2 potions of lignification {unknown}
 k - 4 potions of might {unknown}
 m - 7 potions of curing {unknown}
 n - a potion of cancellation {unknown}
 q - a potion of enlightenment {unknown}
 r - 3 potions of haste {unknown}
 t - a potion of berserk rage {unknown}
 z - 2 potions of attraction {unknown}
 K - a potion of brilliance {unknown}


   Skills:
 - Level 1.5 Dodging
 - Level 2.1 Stealth
 + Level 9.0 Spellcasting
 + Level 10.4 Conjurations
 + Level 11.7 Earth Magic


You had 17 spell levels left.
You knew the following spells:

 Your Spells              Type           Power      Damage    Failure   Level
a - Sandblast             Erth           100%       2d20      1%          1
b - Stone Arrow           Conj/Erth      100%       3d13      1%          3
c - Brom's Barrelling Bo  Conj/Erth      61%        2d8       1%          4
d - Passwall              Erth           63%        N/A       1%          3

Your spell library contained the following spells:

 Spells                   Type           Power      Damage    Failure   Level
 Momentum Strike          Conj/Tloc      74%        3d10      1%          2
 Animate Armour           Summ/Erth      80%        N/A       4%          4
 Petrify                  Alch/Erth      40%        N/A       4%          4
 Bombard                  Conj/Erth      30%        9d5       9%          6
 Frozen Ramparts          Ice            22%        1d4       16%         3
 Ozocubu's Armour         Ice            11%        N/A       16%         3
 Volatile Blastmotes      Fire/Tloc      34%        2d12      16%         3
 Passage of Golubria      Tloc           11%        N/A       47%         4
 Vhi's Electric Charge    Tloc/Air       22%        N/A       47%         4
 Metabolic Englaciation   Hex/Ice        5%         N/A       83%         5
 Silence                  Hex/Air        5%         N/A       83%         5
 Summon Mana Viper        Hex/Summ       11%        N/A       83%         5
 Lehudib's Crystal Spear  Conj/Erth      30%        10d8      98%         8
 Monstrous Menagerie      Summ           5%         N/A       100%        7


Dungeon Overview and Level Annotations

Branches:
Dungeon (8/15)             Temple (1/1) D:5         Ossuary (visited)
   Lair: D:8-11

Altars:
Ashenzari
Cheibriados
Dithmenos
Elyvilon
Gozag
Hepliaklqana
Kikubaaqudgha
Makhleb
Nemelex Xobeh
Okawaru
Ru
Sif Muna
Trog
Uskayaw
Vehumet
Wu Jian
Xom
Yredelemnul
Zin
The Shining One

Shops:
D:1 [   D:4 (   D:7 *   D:8 [


Innate Abilities, Weirdness & Mutations

You are immune to sickness and miasma.
Your stone body is resilient. (AC +8)
You are immune to poison.
You resist negative energy. (rN+)
You are resistant to electric shocks. (rElec)
You are resistant to unholy torment.
You are immune to petrification.


Message History

Aim: a boulder beetle (heavily wounded, 100% to hit)
The stone arrow hits the boulder beetle!
The boulder beetle is severely wounded.
The howler monkey closely misses you. The boulder beetle bites you.
Unknown command.
Casting: Stone Arrow (safe; 1% risk of failure)
Confirm with . or Enter, or press ? or * to list all spells.
Aiming: Stone Arrow (safe; 1% risk of failure)
Press: ? - help, Shift-Dir - straight line, f/p - boulder beetle
Aim: a boulder beetle (severely wounded, 100% to hit)
The stone arrow hits the boulder beetle but does no damage.
The boulder beetle is severely wounded.
The howler monkey hits you. The boulder beetle bites you!
* * * LOW HITPOINT WARNING * * *
Casting: Stone Arrow (safe; 1% risk of failure)
Confirm with . or Enter, or press ? or * to list all spells.
Aiming: Stone Arrow (safe; 1% risk of failure)
Press: ? - help, Shift-Dir - straight line, f/p - boulder beetle
Aim: a boulder beetle (severely wounded, 100% to hit)
The stone arrow hits the boulder beetle!
The boulder beetle is almost dead.
The howler monkey misses you.
The boulder beetle bites you but does no damage.
The howler monkey barely misses you.
You see here a howler monkey corpse.
The howler monkey hoots and howls with incredible vigour!
The boulder beetle leaps!
You hear a shout! x2
The boulder beetle curls into a ball and begins rolling!
The howler monkey hoots and howls with incredible vigour!
You hear a shout!
You hear a horrible gurgling sound!
You hear a shout!
The boulder beetle attacks as it pursues you!
The boulder beetle barely misses you.
The boulder beetle stops rolling and uncurls.
The boulder beetle bites you!
* * * LOW HITPOINT WARNING * * *
The howler monkey hoots and howls with incredible vigour!
The boulder beetle attacks as it pursues you!
The boulder beetle bites you!
You die...

#.# #............'
#.####..##.###....'
#....h..##^# ####.'
########.####†###.#) .....
........h.○°°.............
########h####.....).......
#.# #.###.########
##B####.###.#
#..@........# ##.####.###
#.# #.# #.# <# #.# #.# ...
##


You could see a boulder beetle and 2 howler monkeys.

Vanquished Creatures
  Joseph (D:7)
  A komodo dragon (D:8)
  Psyche (D:8)
  A wraith (D:8)
  4 wyverns
  A yak (D:8)
  4 steam dragons
  3 water moccasins
  2 orc warriors
  A sky beast (D:6)
  A black bear (D:7)
  An ice beast (D:6)
  An ogre (D:6)
  4 centaurs
  A weeping skull (D:5)
  2 bullfrogs (D:8)
  A gnoll sergeant (D:8)
  5 scorpions
  6 water moccasin zombies (Ossuary)
  A burial acolyte (Ossuary)
  11 wights
  8 killer bees
  3 howler monkeys (D:8)
  A bombardier beetle (D:6)
  4 orc priests
  5 hounds
  A jelly (D:5)
  Jessica (D:3)
  A gnoll bouda (D:6)
  8 orc wizards
  2 sleepcaps
  Terence (D:3)
  4 iguanas
  A crocodile zombie (Ossuary)
  A bullfrog simulacrum (Ossuary)
  2 mummies (Ossuary)
  8 gnolls
  8 adders
  4 ufetubi (D:7)
  3 adder zombies (Ossuary)
  3 dart slugs
  36 orcs
  6 ball pythons
  8 endoplasms
  3 giant cockroaches
  9 gnoll zombies (Ossuary)
  5 goblins
  4 hobgoblins
  10 jackals
  2 quokkas
  3 bats
  3 frilled lizards
  A jackal zombie (Ossuary)
  5 kobolds
  An orc zombie (Ossuary)
  4 rats
  A spectral orc (D:5)
223 creatures vanquished.

Vanquished Creatures (others)
  A shadow imp (D:8)
1 creature vanquished.

Grand Total: 224 creatures vanquished

Notes
Turn   | Place    | Note
-------+----------+-------------------------------------------
     0 | D:1      | Cancer the Gargoyle Earth Elementalist began the quest for
                  | the Orb.
     0 | D:1      | Reached XP level 1. HP: 10/10 MP: 3/3
   169 | D:1      | Found Vapajuerph's Antique Armour Boutique.
   246 | D:1      | Reached XP level 2. HP: 15/15 MP: 3/5
   598 | D:1      | Reached skill level 4 in Earth Magic
  1096 | D:2      | Found a faded altar of an unknown god.
  1210 | D:2      | Reached XP level 3. HP: 15/19 MP: 3/6
  1605 | D:2      | Identified the +5 hand axe "Gerghaca" {antimagic, Will+}
  1828 | D:2      | Reached XP level 4. HP: 9/24 MP: 3/8
  2378 | D:3      | Noticed Jessica
  2382 | D:3      | Killed Jessica
  2383 | D:3      | Reached XP level 5. HP: 27/28 MP: 6/9
  2727 | D:3      | Reached skill level 5 in Earth Magic
  2834 | D:3      | Noticed Terence
  2884 | D:3      | Found a shimmering blue altar of Sif Muna.
  3160 | D:4      | Reached XP level 6. HP: 32/32 MP: 3/11
  3241 | D:4      | Noticed a water moccasin
  3251 | D:4      | Killed a water moccasin
  3457 | D:4      | Found Acarphymn's Weapon Shop.
  3473 | D:4      | Found a burning altar of Makhleb.
  3696 | D:4      | Found a shimmering altar of Xom.
  4137 | D:5      | Entered Level 5 of the Dungeon
  4210 | D:5      | Reached skill level 6 in Earth Magic
  4210 | D:5      | Reached XP level 7. HP: 29/36 MP: 9/13
  4298 | D:5      | Learned a level 3 spell: Passwall
  4302 | D:5      | Learned a level 3 spell: Stone Arrow
  4304 | D:5      | Found a sand-covered staircase.
  4323 | Ossuary  | Entered an ossuary
  4431 | Ossuary  | Reached skill level 5 in Conjurations
  4479 | Ossuary  | Reached skill level 5 in Spellcasting
  4479 | Ossuary  | Reached skill level 7 in Earth Magic
  4479 | Ossuary  | Reached XP level 8. HP: 20/41 MP: 13/15
  4828 | D:5      | Identified the ring of Mocses {Fire rN+ Str-2 Int+5}
  4936 | D:5      | Found a staircase to the Ecumenical Temple.
  4943 | Temple   | Entered the Ecumenical Temple
  4976 | D:5      | Found an ornate altar of the Wu Jian Council.
  5158 | D:5      | Reached skill level 8 in Earth Magic
  5447 | D:5      | Found a basalt altar of Yredelemnul.
  5693 | D:3      | Killed Terence
  5815 | D:6      | Reached XP level 9. HP: 45/45 MP: 15/18
  5833 | D:6      | Found a bloodstained altar of Trog.
  5834 | D:6      | Found a glowing golden altar of the Shining One.
  5846 | D:6      | Found an iron altar of Okawaru.
  5888 | D:6      | Found a sacrificial altar of Ru.
  5888 | D:6      | Found a radiant altar of Vehumet.
  5889 | D:6      | Found an opulent altar of Gozag.
  5896 | D:6      | Became a worshipper of Vehumet
  6308 | D:6      | Reached skill level 9 in Earth Magic
  6576 | D:6      | Found a snail-covered altar of Cheibriados.
  7102 | D:7      | Learned a level 4 spell: Brom's Barrelling Boulder
  7282 | D:7      | Reached * piety under Vehumet
  7282 | D:7      | Offered knowledge of Shock by Vehumet.
  7298 | D:7      | Noticed Joseph
  7323 | D:7      | Reached skill level 10 in Earth Magic
  7491 | D:7      | Reached XP level 10. HP: 50/50 MP: 13/21
  7768 | D:7      | Found Cunech's Assorted Antiques.
  7781 | D:7      | Identified the +2 ring mail "Gisuq" {rPois Str-2 Dex+6}
  7866 | D:7      | Killed Joseph
  8175 | D:8      | Noticed Psyche
  8178 | D:8      | Killed Psyche
  8188 | D:8      | Reached skill level 11 in Earth Magic
  8397 | D:8      | Reached skill level 10 in Conjurations
  8505 | D:8      | Offered knowledge of Momentum Strike by Vehumet.
  8554 | D:8      | Reached ** piety under Vehumet
  8675 | D:8      | Identified the +3 scale mail of the Eleven Knives {Stlth+}
  8676 | D:8      | Got the Volume of Calling and the Winter
  8885 | D:8      | Found Hoal's Armour Emporium.
  8911 | D:8      | Reached XP level 11. HP: 54/54 MP: 24/24
  8911 | D:8      | Noticed a boulder beetle
  8931 | D:8      | Mangled by a boulder beetle

Illustrated notes

Levels and vault maps discovered:
D:1:      lemuel_arrival_river_passageway, layout_loops_ring, serial_shops, shop
D:2:      layout_loops_corners, chequers_ecumenical_altar_simple, hex_large
D:3:      layout_loops_ring, mainiacjoe_overflow_alcove_1, uniq_terence,
          uniq_jessica
D:4:      nicolae_cairo_tiling_large_dashed, layout_loops_ring,
          lemuel_tele_altar, overflow_temple_1_default,
          hangedman_decor_diamond_cutter, nicolae_stop_n_shop_1,
          serial_bayou_ford_a
D:5:      layout_rooms, nzn_wu_jian_council_hall,
          yredelemnul_forgotten_temple_becter, minmay_temple_entry_mist,
          enter_ossuary_2
D:6:      layout_loops_ring, slow_altar_1, grunt_temple_overflow_open,
          kennysheep_generic_room_2
D:7:      layout_basic, serial_shops, shop, kennysheep_generic_room_15,
          uniq_joseph
D:8:      cheibrodos_fzero, layout_basic,
          mainiacjoe_overflow_concentric_impassable,
          mainiacjoe_overflow_surrounded_room, serial_shops,
          nicolae_shop_tiny_real_fake_doors, gammafunk_ghost_nasty_kobolds,
          uniq_amaemon, uniq_gastronok, uniq_psyche
Temple:   hellmonk_temple_beads

Skill      XL: |  1  2  3  4  5  6  7  8  9 10 |
---------------+-------------------------------+-----
Earth Magic    | 4 5 6 7 8 10 11 | 11.7
Conjurations   | 2 3 4 5 7 8 10 | 10.4
Spellcasting   | 3 4 5 6 7 9 |  9.0
Dodging        | |  1.5
Stealth        | |  2.1

Action                     |  1- 3 |  4- 6 |  7- 9 | 10-12 || total
---------------------------+-------+-------+-------+-------++-------
  Melee: Unarmed           |    18 |       |       |       ||    18
         Dagger            |       |     9 |    98 |       ||   107
         Hand axe          |       |       |    15 |    25 ||    40
   Cast: Sandblast         |    48 |    66 |   155 |    70 ||   339
         Stone Arrow       |       |       |    16 |    38 ||    54
         Passwall          |       |       |     1 |       ||     1
   Stab: Sleeping          |       |       |     1 |       ||     1
 Armour: Robe              |    19 |    31 |   136 |       ||   186
         Steam dragon scal |       |       |    69 |   103 ||   172
  Dodge: Dodged            |    22 |    30 |   188 |    53 ||   293

Table legend: (Time is in decaauts)
 A = Elapsed time spent in this place.
 B = Non-inter-level travel time spent in this place.
 C = Inter-level travel time spent in this place.
 D = Time resting spent in this place.
 E = Time spent auto-exploring this place.
 F = Levels seen in this place.
 G = Mean time per level.
                   A        B        C        D        E       F      G
               +--------+--------+--------+--------+--------+-----+--------+
         Total |   9149 |   8556 |    593 |    417 |   6200 |  10 |  914.9 |
       Dungeon |   8635 |   8042 |    593 |    313 |   6013 |   8 | 1079.4 |
        Temple |      1 |      1 |      0 |      0 |      0 |   1 |    1.0 |
       Ossuary |    512 |    512 |      0 |    104 |    187 |   1 |  512.0 |
               +--------+--------+--------+--------+--------+-----+--------+

Top non-repeatable levels by time:
     D:7: 1422 daAuts
     D:4: 1280 daAuts
     D:1: 1204 daAuts
     D:2: 1122 daAuts
     D:6: 1017 daAuts
     D:3: 956 daAuts
     D:5: 827 daAuts
     D:8: 803 daAuts
 Ossuary: 512 daAuts
  Temple: 1 daAuts
